 Dungeon Crawl Stone Soup version 0.17.2-1-ge4368a0 (webtiles) character file.

125 Goblin1989 the Insei (level 4, 0/35 HPs)
             Began as a Demonspawn Monk on Aug 30, 2016.
             Was a Follower of Okawaru.
             Killed from afar by an orc wizard (6 damage)
             ... with a magic dart
             ... on level 3 of the Dungeon.
             The game lasted 00:04:45 (2712 turns).

Goblin1989 the Insei (Demonspawn Monk)              Turns: 2712, Time: 00:04:46

Health: 0/35       AC: 10    Str: 12    XL:     4   Next: 82%
Magic:  3/4        EV: 12    Int: 12    God:    Okawaru [*.....]
Gold:   22         SH:  0    Dex: 15    Spells: 0 memorised, 3 levels left

rFire  . . .     SeeInvis .       - Unarmed
rCold  . . .     Clarity  .     l - +0 scale mail
rNeg   . . .     SustAt   .     (no shield)
rPois  .         Gourm    .     (no helmet)
rElec  .         Spirit   .     h - +2 cloak
rCorr  .         Warding  .     (no gloves)
rMut   .         Stasis   .     (no boots)
MR     .....                    (no amulet)
Stlth  ++........               (no ring)
                                (no ring)

@: heroism, not resistant to hostile enchantments, unstealthy
A: demonic guardian 1
a: Heroism, Renounce Religion


You were on level 3 of the Dungeon.
You worshipped Okawaru.
Okawaru was aware of your devotion.
You were not hungry.

You visited 1 branch of the dungeon, and saw 3 of its levels.

You collected 22 gold pieces.

Inventory:

Armour
 h - a +2 cloak (worn)
 l - a +0 scale mail (worn)
Scrolls
 c - a scroll of enchant weapon {unknown}
 e - 2 scrolls of random uselessness {unknown}
 f - 2 scrolls of fog {unknown}
 g - 2 scrolls of identify {unknown}
 i - a scroll of noise {unknown}
 k - a scroll of enchant armour {unknown}
Comestibles
 a - 2 chunks of flesh
 b - 3 bread rations
 d - a meat ration


   Skills:
 - Level 3.0(8.0) Fighting
 - Level 2.6(7.6) Dodging
 - Level 1.7(6.7) Stealth
 + Level 5.7(10.7) Unarmed Combat


You had 3 spell levels left.
You didn't know any spells.

Dungeon Overview and Level Annotations

Branches:
Dungeon (3/15)

Altars:
Okawaru


Innate Abilities, Weirdness & Mutations

A weak demonic guardian rushes to your aid.


Message History

You hear some strange, mumbled words.
A magic dart appears from out of thin air!
The magic dart hits you!
* * * LOW HITPOINT WARNING * * *
The kobold completely misses you.
You take 4 damage, and have 6/35 hp.
You punch the adder!
You kill the adder!
Okawaru accepts your kill. The bat hits you but does no damage.
Something hits you but does no damage. The kobold barely misses you.
The orc barely misses you. The kobold hits you but does no damage.
The bat hits you but does no damage. The kobold closely misses you.
Things that are here:
a stone; an adder corpse You closely miss something.
The bat hits you but does no damage.
You hear some strange, mumbled words.
A magic dart appears from out of thin air!
The magic dart hits you!
You die...

................
#.(.......... #...
#.....†...## #.[.
#.<..........
#...###>..$........
#.............)...
#..#.............
##.##..#####.....
#..@b.# #....
#.KK{o# ..#.
#....#r)..# ..
...##.......... .#
......#...#.#
#.............
#.....#........
.#.............
##....##......


You could see an orc, a bat, 2 kobolds and a rat.

Vanquished Creatures
  An orc wizard (D:3)
  3 adders
  A worm (D:2)
  2 giant geckos (D:1)
  An orc (D:3)
  A ball python (D:2)
  A giant cockroach (D:1)
  7 goblins
  7 hobgoblins
  10 jackals (D:1)
  9 bats
  13 giant newts
  3 kobolds
  2 quokkas (D:2)
  9 rats
70 creatures vanquished.

Notes
Turn   | Place    | Note
--------------------------------------------------------------
     0 | D:1      | Goblin1989 the Demonspawn Monk began the quest for the Orb.
     0 | D:1      | Reached XP level 1. HP: 18/18 MP: 1/1
   328 | D:1      | Reached skill level 4 in Unarmed Combat
   330 | D:1      | Gained mutation: A weak demonic guardian rushes to your aid. [demonic ancestry]
   330 | D:1      | Reached XP level 2. HP: 18/24 MP: 2/2
   877 | D:1      | Reached XP level 3. HP: 26/29 MP: 3/3
  1572 | D:2      | Found an iron altar of Okawaru.
  1586 | D:2      | Became a worshipper of Warmaster Okawaru
  1586 | D:2      | Reached * piety under Okawaru
  1586 | D:2      | Reached ** piety under Okawaru
  1890 | D:2      | Reached skill level 5 in Unarmed Combat
  2083 | D:2      | Reached XP level 4. HP: 35/35 MP: 4/4
  2712 | D:3      | Killed from afar by an orc wizard

Action                   |  1- 3 |  4- 6 || total
-------------------------+-------+-------++-------
Melee: Unarmed           |   204 |    58 ||   262
Invok: Heroism           |       |     1 ||     1
  Use: Potion            |       |     1 ||     1
 Stab: Sleeping          |     7 |       ||     7
       Distracted        |     1 |       ||     1
  Eat: Chunk             |     3 |     3 ||     6
